 Dungeon Crawl Stone Soup version 0.32-a0-868-g153ae1a8d6 (webtiles) character file.

Game seed: 3003026611806164576

226 AlmostDecent the Chopper (level 5, -3/47 HPs)
             Began as a Mountain Dwarf Berserker on Mar 29, 2024.
             Was a Believer of Trog.
             Slain by a small abomination (6 damage)
             ... on level 3 of the Dungeon.
             The game lasted 00:08:24 (2117 turns).

AlmostDecent the Chopper (Mountain Dwarf Berserker) Turns: 2117, Time: 00:08:24

Health: -3/47      AC:  9    Str: 22    XL:     5   Next: 69%
Magic:  5/5        EV: 10    Int:  7    God:    Trog [**....]
Gold:   82         SH:  0    Dex:  9    Spells: 4/4 levels left

rFire   + . .        q - +0 war axe (heavy)
rCold   + . .        (no shield)
rNeg    . . .        b - +0 ring mail
rPois   +            e - +2 helmet
rElec   .            (no cloak)
rCorr   +            (no gloves)
SInv    .            n - +0 pair of boots
Will    ++...        (no amulet) Stlth
                     h - ring "Omat" {rPois rF+ rC+ rCorr}
HPRegen 1.27/turn    (no ring)
MPRegen 0.09/turn

%: no passive effects
@: strong-willed (expiring), on berserk cooldown, regenerating (expiring),
slowed, very slow
A: runic magic, artefact enchanting
a: Renounce Religion, Berserk, Trog's Hand


You were on level 3 of the Dungeon.
You worshipped Trog.
Trog was pleased with you.
You visited 1 branch of the dungeon, and saw 3 of its levels.

You collected 82 gold pieces.

Inventory:

Hand Weapons
 a - a +0 hand axe
 p - the +10 scimitar "Beast's Nightmare" {drain, rF+ rN+ rCorr Int+3}
   (You found it on level 3 of the Dungeon)

   Int+3:     It affects your intelligence (+3).
   rF+:       It protects you from fire.
   rN+:       It protects you from negative energy.
   rCorr:     It protects you from acid and corrosion.
 q - a +0 heavy war axe (weapon)
Armour
 b - a +0 ring mail (worn)
 e - a +2 helmet (worn)
 n - a +0 pair of boots (worn)
Jewellery
 h - the ring "Omat" (left hand) {rPois rF+ rC+ rCorr}
   (You found it on level 2 of the Dungeon)

   [ring of poison resistance]

   rF+:       It protects you from fire.
   rC+:       It protects you from cold.
   rPois:     It protects you from poison.
   rCorr:     It protects you from acid and corrosion.
Wands
 k - a wand of polymorph (7)
Scrolls
 o - a scroll of silence
Potions
 c - a potion of curing
 d - a potion of enlightenment {unknown}
 f - a potion of attraction {unknown}
 i - a potion of brilliance {unknown}
 j - 2 potions of degeneration
 m - a potion of mutation {unknown}


   Skills:
 + Level 4.4 Fighting
 * Level 7.1 Axes
 - Level 2.1 Armour
 - Level 1.3 Dodging
 + Level 0.1 Unarmed Combat


You had 4 spell levels left.
You didn't know any spells.
Your spell library was empty.

Dungeon Overview and Level Annotations

Branches:
Dungeon (3/15)

Altars:

Portals:
Abyss: D:3

Annotations:
D:3 1 transporter, olmar's ghost, weakling CoGl


Innate Abilities, Weirdness & Mutations

Your spellcasting is much less encumbered by armour.
You can use scrolls of enchantment on lesser artefacts.


Message History

The white imp shouts, "Leave, thou unhinged gravel-grovelling yak-dropping!"
Found a one-way gate to the infinite horrors of the Abyss.
A gnoll comes into view.
It is wielding a +1 spear of distortion.
A red film seems to cover your vision as you go berserk!
You feel yourself moving faster!
You feel mighty! The white imp closely misses you.
You slice the white imp!!
You kill the white imp!
Trog accepts your kill.
Your Axes skill increases to level 7!
You feel a strong urge to attack something.
The gnoll completely misses you.
You slice the gnoll like a ripe choko!!!
You kill the gnoll!
Trog accepts your kill.
You are no longer berserk.
You are exhausted.
You feel yourself slow down.
Things that are here:
a +1 spear of distortion; a gnoll corpse The small abomination hits you! x2
You are too injured to fight recklessly!
You are too injured to fight recklessly!
You are too injured to fight recklessly!
Your skin crawls.
You feel strong-willed.
The small abomination hits you but does no damage.
The small abomination hits you!
* * * LOW HITPOINT WARNING * * *
Okay, then.
You feel better.
The small abomination hits you but does no damage. x2
The small abomination hits you!
* * * LOW HITPOINT WARNING * * *
You enter a dispersal trap!
The small abomination blinks! x2; You blink.
You feel the effects of Trog's Hand fading.
The small abomination hits you!
* * * LOW HITPOINT WARNING * * *
The small abomination hits you.
You die...

#..........#.###..###.#.#.....##
##..........#©#∩§.)......#©.....#
.'..........##..#.##....(##......
##.........).#.##§#.###...##.....
.#...........##..#.##.#...##.....
.#............##.^[#©.##©##...###
.#########.....#..:##..###....#
...............#.##§#.........#
.............###@#..##........#
.............#...x..######....###
..=.........##...###..##.##......
...÷........#$..##.# #...W#......
............##.##..##..####......
.............###....####.........
######'###.......................
# #.###.....................). #
#..#######..####............


You could see a small abomination.

Vanquished Creatures
  Jessica (D:2)
  Natasha (thrice) (D:2)
  A gnoll (D:3)
  4 adders
  A white imp (D:3)
  A dart slug (D:1)
  A ribbon worm (D:3)
  2 bats (D:1)
  10 endoplasms
  2 giant cockroaches
  9 goblins
  9 hobgoblins
  2 jackals (D:1)
  6 kobolds
  3 quokkas
  4 ball pythons
  3 frilled lizards
  6 rats
68 creatures vanquished.

Notes
Turn   | Place    | Note
-------+----------+-------------------------------------------
     0 | D:1      | AlmostDecent the Mountain Dwarf Berserker began the quest
                  | for the Orb.
     0 | D:1      | Reached XP level 1. HP: 19/19 MP: 1/1
   107 | D:1      | Reached skill level 4 in Axes
   161 | D:1      | Reached XP level 2. HP: 17/26 MP: 2/2
   724 | D:1      | Reached XP level 3. HP: 32/33 MP: 3/3
  1002 | D:2      | Noticed Jessica
  1009 | D:2      | Reached skill level 5 in Axes
  1009 | D:2      | Reached ** piety under Trog
  1011 | D:2      | Killed Jessica
  1012 | D:2      | Reached XP level 4. HP: 40/40 MP: 4/4
  1090 | D:2      | Identified the ring "Omat" {rPois rF+ rC+ rCorr}
  1228 | D:2      | Noticed Natasha
  1237 | D:2      | Killed Natasha
  1280 | D:2      | Noticed Natasha
  1288 | D:2      | Reached skill level 6 in Axes
  1289 | D:2      | Killed Natasha
  1290 | D:2      | Reached XP level 5. HP: 46/46 MP: 5/5
  1421 | D:2      | Noticed Natasha
  1429 | D:2      | Killed Natasha
  1576 | D:3      | Found a transporter.
  1606 | D:3      | Noticed a small abomination
  1631 | D:3      | Found a transporter.
  1783 | D:3      | Identified the +10 scimitar "Beast's Nightmare" {drain, rF+
                  | rN+ rCorr Int+3}
  2090 | D:3      | Noticed olmar's ghost (weakling CoGl)
  2105 | D:3      | Found a one-way gate to the infinite horrors of the Abyss.
  2108 | D:3      | Reached skill level 7 in Axes
  2117 | D:3      | Slain by a small abomination

Illustrated notes

Levels and vault maps discovered:
D:1:      amcnicky_arrival_double_pillar, layout_basic
D:2:      layout_rooms, hex_intersection, kennysheep_potato, uniq_natasha,
          uniq_jessica
D:3:      layout_basic, gammafunk_ghost_abyssal_escape

Skill      XL: |  1  2  3  4  5 |
---------------+----------------+-----
Axes           | 4 5 6 7 |  7.1
Fighting       | 4 |  4.4
Armour         | |  2.1
Dodging        | |  1.3
Unarmed Combat | |  0.1

Action                     |  1- 3 |  4- 6 || total
---------------------------+-------+-------++-------
  Melee: Hand axe          |    69 |    73 ||   142
         Unarmed           |       |     9 ||     9
         Scimitar          |       |     6 ||     6
         War axe           |       |     2 ||     2
 Invoke: Berserk           |     3 |     4 ||     7
         Trog's Hand       |       |     1 ||     1
    Use: Scroll            |       |     5 ||     5
         Potion            |       |     1 ||     1
 Armour: Animal skin       |    40 |       ||    40
         Ring mail         |    15 |    64 ||    79
         Skin              |       |     3 ||     3
  Dodge: Dodged            |    51 |    45 ||    96

Table legend: (Time is in decaauts)
 A = Elapsed time spent in this place.
 B = Non-inter-level travel time spent in this place.
 C = Inter-level travel time spent in this place.
 D = Time resting spent in this place.
 E = Time spent auto-exploring this place.
 F = Levels seen in this place.
 G = Mean time per level.
                   A        B        C        D        E       F      G
               +--------+--------+--------+--------+--------+-----+--------+
         Total |   2172 |   2058 |    114 |     35 |   1578 |   3 |  724.0 |
       Dungeon |   2172 |   2058 |    114 |     35 |   1578 |   3 |  724.0 |
               +--------+--------+--------+--------+--------+-----+--------+

Top non-repeatable levels by time:
     D:1: 1013 daAuts
     D:2: 616 daAuts
     D:3: 542 daAuts
